 Dungeon Crawl Stone Soup version 0.23.0-33-g5e6c059fef (webtiles) character file.

Game seed: 15716238543732695423

3451 Kisielow the Arsonist (level 9, -22/51 HPs)
             Began as a Deep Elf Fire Elementalist on Feb 26, 2019.
             Was a Believer of Vehumet.
             Engulfed by a cloud of flame (26 damage)
             ... on level 7 of the Dungeon.
             The game lasted 00:30:21 (9852 turns).

Kisielow the Arsonist (Deep Elf Fire Elementalist)  Turns: 9852, Time: 00:30:21

Health: -22/51     AC:  4    Str:  5    XL:     9   Next: 78%
Magic:  1/20       EV: 22    Int: 24    God:    Vehumet [**....]
Gold:   468        SH:  4    Dex: 15    Spells: 4/20 levels left

rFire    . . .     SeeInvis .   u - +4 trident
rCold    . . .     Gourm    .   (no shield)
rNeg     + . .     Faith    .   t - +2 robe {rN+}
rPois    .         Spirit   .   (no helmet)
rElec    .         Reflect  +   (no cloak)
rCorr    .         Harm     .   (no gloves)
MR       .....                  (no boots)
Stlth    ++........             w - +4 amulet of reflection
HPRegen  0.17/turn              d - +6 ring of evasion
MPRegen  0.17/turn              a - ring of wizardry

@: lightly drained
A: no striking features
a: Renounce Religion


You were on level 7 of the Dungeon.
You worshipped Vehumet.
Vehumet was pleased with you.
You were near starving.

You visited 2 branches of the dungeon, and saw 9 of its levels.

You collected 468 gold pieces.

Inventory:

Hand Weapons
 u - a +4 trident (weapon)
Armour
 t - a +2 robe of positive energy (worn)
Jewellery
 a - a ring of wizardry (right hand)
 d - a +6 ring of evasion (left hand)
 w - a +4 amulet of reflection (around neck)
 y - a +3 ring of evasion
Wands
 p - a wand of acid (2)
 r - a wand of disintegration (16)
Scrolls
 e - 2 scrolls of magic mapping
 k - 8 scrolls of remove curse
 n - a scroll of teleportation
 s - a scroll of blinking
Potions
 b - 2 potions of resistance
 f - a potion of degeneration {unknown}
 g - 2 potions of heal wounds
 h - a potion of might
 i - 4 potions of curing
 j - a potion of invisibility {unknown}
 l - 4 potions of agility
 o - a potion of experience {unknown}
 q - a potion of haste {unknown}
Comestibles
 c - 17 rations


   Skills:
 + Level 3.6(3.5) Fighting
 + Level 6.1(6.0) Dodging
 - Level 2.4(2.3) Stealth
 - Level 6.1(6.0) Spellcasting
 * Level 9.0(8.9) Conjurations
 * Level 9.6(9.5) Fire Magic


You had 4 spell levels left.
You knew the following spells:

 Your Spells              Type           Power        Failure   Level  Hunger
a - Conjure Flame         Conj/Fire      ######..     1%          3    #......
e - Inner Flame           Hex/Fire       ####....     1%          3    #......
q - Flame Tongue          Conj/Fire      #####        1%          1    None
r - Sticky Flame          Conj/Fire      ######..     1%          4    ###....
s - Fireball              Conj/Fire      ######....   1%          5    #####..

Your spell library contained the following spells:

 Spells                   Type           Power        Failure   Level  Hunger
 Sting                    Conj/Pois      ####         1%          1    None
 Throw Flame              Conj/Fire      ######       1%          2    None
 Throw Frost              Conj/Ice       ####..       1%          2    None
 Dazzling Spray           Conj/Hex       ####..       1%          3    #......
 Animate Skeleton         Necr           N/A          3%          1    None
 Apportation              Tloc           #.....       3%          1    None
 Confusing Touch          Hex            #.....       3%          1    None
 Corona                   Hex            #......      3%          1    None
 Freeze                   Ice            #...         3%          1    None
 Summon Small Mammal      Summ           #...         3%          1    None
 Ensorcelled Hibernation  Hex/Ice        #.....       4%          2    None
 Throw Icicle             Conj/Ice       ####....     5%          4    ###....
 Confuse                  Hex            #.......     10%         3    #......
 Gell's Gravitas          Tloc           #.........   10%         3    #......
 Ozocubu's Armour         Chrm/Ice       #.......     10%         3    #......
 Tukima's Dance           Hex            #.......     10%         3    #......
 Petrify                  Tmut/Erth      #.......     30%         4    ###....
 Summon Ice Beast         Ice/Summ       #.......     30%         4    ###....
 Metabolic Englaciation   Hex/Ice        #.........   61%         5    #####..
 Yara's Violent Unravell  Hex/Tmut       #.........   61%         5    #####..


Dungeon Overview and Level Annotations

Branches:
Dungeon (8/15)             Temple (1/1) D:5
   Lair: D:8-11

Altars:
Cheibriados
Dithmenos
Elyvilon
Fedhas
Gozag
Hepliaklqana
Makhleb
Nemelex Xobeh
Okawaru
Qazlal
Ru
Trog
Uskayaw
Vehumet
Wu Jian
Xom
Yredelemnul
Zin
The Shining One

Shops:
D:5 [   D:6 *=[!?


Message History

Press: ? - help, Shift-Dir - straight line, f/p - wight
Aim: a wight, wielding a +0 falchion and wearing a +0 robe (moderately damaged, inner flame)
The flame tongue hits the wight!
The wight is almost destroyed.
The wight closely misses you. You block the wight's attack.
Casting: Flame Tongue (safe; 1% risk of failure)
Confirm with . or Enter, or press ? or * to list all spells.
Aiming: Flame Tongue (safe; 1% risk of failure)
Press: ? - help, Shift-Dir - straight line, f/p - wight
Aim: a wight, wielding a +0 falchion and wearing a +0 robe (almost destroyed, inner flame)
The flame tongue hits the wight!
The wight explodes!
The fiery explosion engulfs you!!
Ouch! That really hurt!
* * * LOW HITPOINT WARNING * * *
Vehumet accepts your kill.
You feel your power returning.
You are engulfed in blazing flames.
Ouch! That really hurt!
You die...

#.......#.###.#..##.#
##.........##.#..##.#
##÷##..#..##.#..##.#
#########.##..#..##.#..##.#
..............#..#.....##.#
>########.###.#..#.(##.##.#
..<.......###.#..#..##.##.#
############..§§§......##.#
#...§§@#..#####.#
#(...§..........##
###.#.##.#.#####...##
#..<..##.#.# ##.###.##
#.#.####.#.# #.## ##.####
#.#.# #.#.# #.# #.....
#.#># #.#.# #.## ##.###.
#.#.# #.#.# #..###.## #.
#.#.####.#.# #.#..(## #.


There were no monsters in sight!

Vanquished Creatures
  Prince Ribbit (D:6)
  3 hippogriffs
  A water moccasin (D:5)
  A sky beast (D:8)
  2 ice beasts
  3 ogres
  A phantom (D:6)
  6 centaurs
  2 bullfrogs
  3 scorpions
  9 wights
  3 crimson imps
  6 hounds
  A jelly (D:6)
  Crazy Yiuf (D:6)
  2 orc priests (D:7)
  2 iguanas (D:4)
  3 orc wizards
  3 worker ants
  9 gnolls
  9 adders
  A shadow imp (D:7)
  An adder skeleton (D:6)
  2 worms
  5 dart slugs
  5 leopard geckos
  12 orcs
  4 ball pythons
  3 bats
  11 giant cockroaches
  5 goblins
  10 hobgoblins
  15 jackals
  5 kobolds
  A quokka (D:6)
  3 frilled lizards
  A giant cockroach zombie (D:5)
  A jackal skeleton (D:6)
  2 leopard gecko skeletons
  A quokka skeleton (D:6)
  6 rats
165 creatures vanquished.

Vanquished Creatures (others)
  A worker ant (D:4)
1 creature vanquished.

Grand Total: 166 creatures vanquished

Notes
Turn   | Place    | Note
-------+----------+-------------------------------------------
     0 | D:1      | Kisielow the Deep Elf Fire Elementalist began the quest for
                  | the Orb.
     0 | D:1      | Reached XP level 1. HP: 10/10 MP: 6/6
   222 | D:1      | Reached XP level 2. HP: 15/15 MP: 4/8
   232 | D:1      | Learned a level 2 spell: Throw Flame
  1249 | D:2      | Reached XP level 3. HP: 19/19 MP: 8/10
  1308 | D:2      | Learned a level 3 spell: Conjure Flame
  1312 | D:2      | Learned a level 3 spell: Inner Flame
  1514 | D:2      | Found a snail-covered altar of Cheibriados.
  3071 | D:3      | Reached XP level 4. HP: 24/24 MP: 0/12
  3328 | D:3      | Found a faded altar of an unknown god.
  3586 | D:4      | Reached skill level 5 in Spellcasting
  3703 | D:3      | Learned a level 4 spell: Sticky Flame
  3923 | D:4      | Found an ornate altar of the Wu Jian Council.
  3925 | D:4      | Found a shadowy altar of Dithmenos.
  3925 | D:4      | Found a shimmering altar of Xom.
  3932 | D:4      | Found a shimmering altar of Xom.
  3932 | D:4      | Found a blossoming altar of Fedhas.
  3932 | D:4      | Found a radiant altar of Vehumet.
  4084 | D:3      | Found an ornate altar of the Wu Jian Council.
  4109 | D:4      | Reached XP level 5. HP: 28/28 MP: 8/15
  4172 | D:4      | Noticed a centaur
  4177 | D:4      | Killed a centaur
  4661 | D:4      | Reached XP level 6. HP: 32/32 MP: 9/17
  5162 | D:5      | Entered Level 5 of the Dungeon
  5192 | D:5      | Found a staircase to the Ecumenical Temple.
  5226 | Temple   | Entered the Ecumenical Temple
  5257 | Temple   | Became a worshipper of Vehumet
  5383 | D:5      | Reached skill level 5 in Fire Magic
  5437 | D:5      | Found Siak's Armour Emporium.
  5524 | D:5      | Noticed a water moccasin
  5531 | D:5      | Killed a water moccasin
  5531 | D:5      | Reached XP level 7. HP: 36/36 MP: 4/18
  5670 | D:5      | Reached skill level 5 in Conjurations
  5886 | D:5      | Found a sparkling altar of Nemelex Xobeh.
  6509 | D:5      | Learned a level 5 spell: Fireball
  6534 | D:6      | Found Luaguykue's Distillery.
  6534 | D:6      | Found an iron altar of Okawaru.
  6539 | D:6      | Reached skill level 1 in Fighting
  6603 | D:6      | Noticed Prince Ribbit
  6618 | D:6      | Killed Prince Ribbit
  6618 | D:6      | Reached XP level 8. HP: 43/43 MP: 11/19
  6649 | D:6      | Reached * piety under Vehumet
  6649 | D:6      | Offered knowledge of Magic Dart by Vehumet.
  6911 | D:6      | Found Vodul's Antique Armour Boutique.
  6932 | D:6      | Found Zitzukau's Assorted Antiques.
  7186 | D:6      | Found Haeres's Magic Scroll Shop.
  7671 | D:6      | Found a runed translucent door.
  7672 | D:6      | Noticed Crazy Yiuf
  7684 | D:6      | Killed Crazy Yiuf
  7916 | D:6      | Offered knowledge of Sting by Vehumet.
  7916 | D:6      | Reached ** piety under Vehumet
  8144 | D:6      | Found Zej Fuah's Jewellery Shop.
  8258 | D:7      | Reached skill level 5 in Dodging
  8258 | D:7      | Reached XP level 9. HP: 49/49 MP: 12/20
  9852 | D:7      | Engulfed by a cloud of flame

Skill      XL: |  1  2  3  4  5  6  7  8  9 |
---------------+----------------------------+-----
Spellcasting   | 4 5 6 |  6.1
Conjurations   | 2 3 4 6 7 9 |  9.0
Fire Magic     | 4 5 7 8 9 |  9.6
Dodging        | 3 5 6 |  6.1
Fighting       | 1 2 3 |  3.6
Stealth        | |  2.4

Action                   |  1- 3 |  4- 6 |  7- 9 || total
-------------------------+-------+-------+-------++-------
Melee: Unarmed           |     3 |    16 |     1 ||    20
       Trident           |       |       |     3 ||     3
 Cast: Flame Tongue      |    51 |    41 |   147 ||   239
       Throw Flame       |    27 |    23 |    15 ||    65
       Conjure Flame     |     1 |     3 |    11 ||    15
       Sticky Flame      |       |     5 |    17 ||    22
       Inner Flame       |       |       |     8 ||     8
       Fireball          |       |       |     6 ||     6
Evoke: Wand              |       |     3 |     4 ||     7
  Use: Scroll            |     6 |     7 |     5 ||    18
  Eat: Chunk             |     7 |     6 |    14 ||    27
       Ration            |       |     1 |       ||     1
Armor: Robe              |     4 |     5 |     7 ||    16
Dodge: Dodged            |    13 |    40 |    59 ||   112
Block: Other             |       |       |     3 ||     3
       Reflection        |       |       |     1 ||     1
